 Dungeon Crawl Stone Soup version 0.22.1-2-g9c5b331 (webtiles) character file.

1201 brandon the Magician (level 8, 0/44 (45) HPs)
             Began as a Deep Elf Fire Elementalist on Dec 8, 2018.
             Was a Follower of Vehumet.
             Slain by a centaur (8 damage)
             ... on level 5 of the Dungeon.
             The game lasted 00:12:24 (5773 turns).

brandon the Magician (Deep Elf Fire Elementalist)   Turns: 5773, Time: 00:12:25

HP:   0/44 (45)     AC:  3    Str:  5    XL:     8   Next: 21%
MP:   12/20         EV: 13    Int: 23    God:    Vehumet [*.....]
Gold: 272           SH:  0    Dex: 15    Spells: 5/21 levels left

rFire    . . .     SeeInvis .   (no weapon)
rCold    . . .     Gourm    .   (no shield)
rNeg     . . .     Faith    .   a - +0 robe
rPois    .         Spirit   .   (no helmet)
rElec    .         Reflect  .   q - +0 cloak
rCorr    .         Harm     .   (no gloves)
MR       .....                  (no boots)
Stlth    ++........             (no amulet)
HPRegen  0.14/turn              (no ring)
MPRegen  0.17/turn              (no ring)

@: no status effects
A: no striking features
a: Renounce Religion


You were on level 5 of the Dungeon.
You worshipped Vehumet.
Vehumet was aware of your devotion.
You were not hungry.

You visited 2 branches of the dungeon, and saw 6 of its levels.

You collected 272 gold pieces.

Inventory:

Armour
 a - a +0 robe (worn)
 q - a +0 cloak (worn)
Jewellery
 i - an uncursed ring of magical power {unknown}
Scrolls
 f - a scroll of teleportation {unknown}
 h - 6 scrolls of identify
 j - a scroll of remove curse
 k - a scroll of fear {unknown}
 l - a scroll of noise {unknown}
 m - a scroll of immolation
 n - a scroll of magic mapping {unknown}
 o - 4 scrolls of enchant armour {unknown}
 p - a scroll of blinking {unknown}
 s - a scroll of fog {unknown}
Potions
 b - a potion of lignification {unknown}
 d - a potion of might
 e - 3 potions of curing {unknown}
 g - 2 potions of brilliance {unknown}
 r - 2 potions of haste {unknown}
Comestibles
 c - 6 rations


   Skills:
 + Level 2.6 Fighting
 - Level 2.4 Dodging
 - Level 2.4 Stealth
 + Level 7.2 Spellcasting
 * Level 6.7 Conjurations
 + Level 6.0 Fire Magic


You had 5 spell levels left.
You knew the following spells:

 Your Spells              Type           Power        Failure   Level  Hunger
a - Flame Tongue          Conj/Fire      #####        1%          1    None
b - Throw Flame           Conj/Fire      #####.       1%          2    None
c - Conjure Flame         Conj/Fire      #####...     1%          3    None
d - Sticky Flame          Conj/Fire      #####...     5%          4    ###....
e - Fireball              Conj/Fire      #####.....   16%         5    #####..
f - Apportation           Tloc           #.....       8%          1    None

Your spell library contained the following spells:

 Spells                   Type           Power        Failure   Level  Hunger
 Sandblast                Erth           #.....       8%          1    None
 Inner Flame              Hex/Fire       ###.....     7%          3    None
 Animate Skeleton         Necr           N/A          8%          1    None
 Confusing Touch          Hex            #.....       8%          1    None
 Summon Small Mammal      Summ           #...         8%          1    None


Dungeon Overview and Level Annotations

Branches:
Dungeon (5/15)             Temple (1/1) D:4

Altars:
Ashenzari
Cheibriados
Dithmenos
Elyvilon
Gozag
Hepliaklqana
Makhleb
Nemelex Xobeh
Qazlal
Ru
Sif Muna
Trog
Uskayaw
Vehumet
Yredelemnul
The Shining One
Jiyva

Shops:
D:5 (=


Message History

The centaur burns!
The centaur hits you!
* * * LOW HITPOINT WARNING * * *
The centaur hits you.
* * * LOW HITPOINT WARNING * * *
Casting: Sticky Flame (safe; 5% risk of failure)
Confirm with . or Enter, or press ? or * to list all spells.
Aiming: Sticky Flame (safe; 5% risk of failure)
Press: ? - help, Shift-Dir - straight line, f/p - centaur
Aim: a centaur (moderately wounded, covered in liquid flames)
The sticky flame hits the centaur.
The centaur is heavily wounded.
The centaur is covered in liquid flames!
The centaur burns!
The centaur hits you!
* * * LOW HITPOINT WARNING * * *
You hit the centaur.
The centaur is severely wounded.
The centaur burns!
The centaur hits you but does no damage.
The centaur hits you!
You die...

#.#. .#.###########.#.
........h.......
#.....#######... ....#.
#......<. #....
#.###.... #.#.#
#.###.###
..#######.#.####[....###
>.....c@∩.(.((..........
#.........#.............
##.#####################


You could see a centaur (burning).

Vanquished Creatures
  Grinder (D:3)
  An orc warrior (D:3)
  A necrophage (D:5)
  An ogre (D:5)
  A phantom (D:5)
  2 scorpions
  A howler monkey (D:4)
  A bullfrog skeleton (D:5)
  3 hounds
  2 orc priests
  3 orc wizards
  3 worker ants
  A hound skeleton (D:4)
  6 adders
  A shadow imp (D:5)
  An ooze (D:2)
  An adder skeleton (D:3)
  5 worms
  2 dart slugs
  5 leopard geckos
  11 orcs
  2 ball pythons (D:3)
  7 bats
  4 giant cockroaches
  5 goblins
  5 hobgoblins
  10 jackals
  4 quokkas
  5 frilled lizards
  A jackal skeleton (D:5)
  7 kobolds
  3 rats
106 creatures vanquished.

Notes
Turn   | Place    | Note
-------+----------+-------------------------------------------
     0 | D:1      | brandon the Deep Elf Fire Elementalist began the quest for
                  | the Orb.
     0 | D:1      | Reached XP level 1. HP: 10/10 MP: 6/6
   482 | D:1      | Reached XP level 2. HP: 15/15 MP: 5/8
   976 | D:2      | Learned a level 2 spell: Throw Flame
  1160 | D:2      | Reached XP level 3. HP: 19/19 MP: 3/10
  1792 | D:2      | Found a shattered altar of Ashenzari.
  1792 | D:2      | Found a white marble altar of Elyvilon.
  1797 | D:2      | Found a hazy altar of Hepliaklqana.
  1799 | D:2      | Found a glowing golden altar of the Shining One.
  1800 | D:2      | Found a faded altar of an unknown god.
  1907 | D:3      | Reached XP level 4. HP: 24/24 MP: 9/11
  1915 | D:3      | Learned a level 3 spell: Conjure Flame
  1920 | D:3      | Learned a level 4 spell: Sticky Flame
  2016 | D:3      | Noticed an orc warrior
  2374 | D:3      | Reached skill level 4 in Spellcasting
  2436 | D:3      | Found a sacrificial altar of Ru.
  2452 | D:3      | Noticed Grinder
  2474 | D:3      | Killed Grinder
  2474 | D:3      | Reached XP level 5. HP: 5/28 MP: 0/14
  2474 | D:3      | Reached XP level 6. HP: 6/32 MP: 0/15
  2776 | D:3      | Found a stormy altar of Qazlal.
  2777 | D:3      | Found a shadowy altar of Dithmenos.
  2778 | D:3      | Found a snail-covered altar of Cheibriados.
  2779 | D:3      | Found a basalt altar of Yredelemnul.
  2921 | D:3      | Reached skill level 5 in Spellcasting
  3145 | D:3      | Learned a level 5 spell: Fireball
  3259 | D:3      | Killed an orc warrior
  3259 | D:3      | Reached skill level 5 in Conjurations
  3697 | D:3      | Reached skill level 5 in Fire Magic
  3825 | D:4      | Reached skill level 1 in Fighting
  3835 | D:4      | Learned a level 1 spell: Apportation
  3922 | D:4      | Found a staircase to the Ecumenical Temple.
  3940 | D:4      | Reached XP level 7. HP: 32/38 MP: 7/17
  3951 | Temple   | Entered the Ecumenical Temple
  3968 | Temple   | Became a worshipper of Vehumet
  4053 | D:3      | Reached skill level 6 in Spellcasting
  5022 | D:5      | Entered Level 5 of the Dungeon
  5341 | D:5      | Reached skill level 7 in Spellcasting
  5341 | D:5      | Reached XP level 8. HP: 45/45 MP: 9/20
  5490 | D:5      | Found Dicwurel's Jewellery Shop.
  5607 | D:5      | Found a bloodstained altar of Trog.
  5690 | D:5      | Reached * piety under Vehumet
  5690 | D:5      | Offered knowledge of Sandblast by Vehumet.
  5761 | D:5      | Found Wita's Weapon Shop.
  5773 | D:5      | Slain by a centaur

Skill      XL: |  1  2  3  4  5  6  7  8 |
---------------+-------------------------+-----
Conjurations   | 2 3 4 5 6 |  6.7
Fire Magic     | 4 5 6 |  6.0
Spellcasting   | 4 5 7 |  7.2
Fighting       | 1 2 |  2.6
Dodging        | |  2.4
Stealth        | |  2.4

Action                   |  1- 3 |  4- 6 |  7- 9 || total
-------------------------+-------+-------+-------++-------
Melee: Unarmed           |       |     1 |     2 ||     3
 Cast: Flame Tongue      |    54 |    66 |    79 ||   199
       Throw Flame       |     5 |    13 |    10 ||    28
       Sticky Flame      |       |     2 |     4 ||     6
       Conjure Flame     |       |     2 |       ||     2
       Fireball          |       |       |     3 ||     3
  Use: Scroll            |       |     4 |       ||     4
  Eat: Chunk             |     3 |     3 |     7 ||    13
       Ration            |       |     1 |       ||     1
Armor: Robe              |     6 |    12 |     8 ||    26
Dodge: Dodged            |     8 |    16 |    22 ||    46
